 Dungeon Crawl Stone Soup version 0.24-a0-618-ge4662a2d14 (webtiles) character file.

Game seed: 15976578754749846396, levelgen mode: deterministic

25382 Elminster the Earth Mage (level 12, -4/97 HPs)
             Began as a Deep Dwarf Earth Elementalist on Sept 14, 2019.
             Was the Champion of Makhleb.
             Slain by a frost giant
             ... wielding a +1 battleaxe of freezing
              (15 damage)
             ... in an ice cave on Sept 15, 2019.
             The game lasted 01:28:09 (7778 turns).

Elminster the Earth Mage (DDEE)                     Turns: 7778, Time: 01:28:09

Health: -4/97      AC:  9    Str: 13    XL:     12   Next: 89%
Magic:  11/19      EV: 23    Int: 20    God:    Makhleb [******]
Gold:   714        SH:  0    Dex: 18    Spells: 10/25 levels left

rFire    . . .     SeeInvis .   v - +2 dagger (speed)
rCold    . . .     Gourm    .   (no shield)
rNeg     . . .     Faith    +   T - +0 troll leather armour {regen}
rPois    .         Spirit   .   a - +0 helmet
rElec    .         Reflect  .   P - +1 cloak
rCorr    +         Harm     .   q - +0 pair of gloves
MR       +....                  K - +0 pair of boots
Stlth    +++++++...             y - amulet of faith {Faith, !P}
HPRegen  0.00/turn              Q - ring of stealth {Stlth+}
MPRegen  0.16/turn              r - ring of resist corrosion

@: agile, non-regenerating, hasted, very quick
A: damage resistance, heal wounds, sense surroundings 2, no regeneration
a: Heal Wounds, Minor Destruction, Lesser Servant of Makhleb, Major Destruction,
Greater Servant of Makhleb, Renounce Religion


You were in an ice cave.
You worshipped Makhleb.
Makhleb was exalted by your worship.
You were not hungry.

You visited 2 branches of the dungeon, and saw 13 of its levels.
You also visited: Sewer and Ice Cave.

You collected 714 gold pieces.

Inventory:

Hand Weapons
 v - a +2 dagger of speed (weapon)
   (You took it off a goblin on level 3 of the Dungeon)
 C - a +1 dagger of venom
   (You found it on level 7 of the Dungeon)
Missiles
 b - 4 stones (quivered)
 g - 2 throwing nets {=f, !d}
Armour
 a - a +0 helmet (worn)
   (You found it on level 3 of the Dungeon)
 q - a +0 pair of gloves (worn)
   (You found it on level 2 of the Dungeon)
 K - a +0 pair of boots (worn)
   (You found it on level 9 of the Dungeon)
 P - a +1 cloak (worn)
   (You found it on level 11 of the Dungeon)
 T - a +0 troll leather armour (worn) {regen}
   (You found it on level 12 of the Dungeon)
Jewellery
 m - a +4 ring of dexterity
   (You found it on level 2 of the Dungeon)
 r - a ring of resist corrosion (right hand)
   (You found it on level 2 of the Dungeon)
 w - a cursed ring of teleportation {+/*tele, !d}
   (You found it on level 4 of the Dungeon)
 y - an amulet of faith (around neck) {Faith, !P}
   (You found it on level 4 of the Dungeon)
 G - a +4 ring of slaying
   (You found it on level 6 of the Dungeon)
 Q - a ring of stealth (left hand) {Stlth+}
   (You found it on level 11 of the Dungeon)
Wands
 k - a wand of enslavement (3)
   (You found it on level 2 of the Dungeon)
 t - a wand of digging (6)
   (You took it off Ijyb on level 3 of the Dungeon)
 E - a wand of paralysis (7)
   (You found it in an ice cave)
 J - a wand of iceblast (9)
   (You found it on level 9 of the Dungeon)
 M - a wand of acid (4)
   (You found it on level 10 of the Dungeon)
Scrolls
 c - a scroll of immolation {unknown}
 e - 6 scrolls of remove curse {unknown}
 f - 3 scrolls of fog {unknown}
 h - 2 scrolls of enchant weapon {unknown}
 o - 3 scrolls of random uselessness {unknown}
 p - 4 scrolls of fear {unknown}
 A - 2 scrolls of teleportation {unknown}
 F - 2 scrolls of magic mapping {unknown}
Potions
 i - 3 potions of brilliance
 j - 6 potions of flight
 l - 6 potions of curing
 s - 3 potions of resistance
 u - 3 potions of agility
 x - a potion of lignification {!q}
 z - a potion of might
 B - a potion of magic
 D - 3 potions of haste
 H - 2 potions of mutation {!q}
 L - a potion of cancellation
Miscellaneous
 n - a box of beasts
 I - a phial of floods (inert)
   (You found it on level 9 of the Dungeon)
Comestibles
 d - 28 rations


   Skills:
 - Level 3.3 Fighting
 - Level 3.3 Short Blades
 + Level 8.5 Dodging
 - Level 11.1 Stealth
 - Level 7.0 Spellcasting
 - Level 1.3 Conjurations
 - Level 8.0 Transmutations
 - Level 16.0 Earth Magic
 - Level 5.1 Invocations
 - Level 4.1 Evocations


You had 10 spell levels left.
You knew the following spells:

 Your Spells              Type           Power        Failure   Level  Hunger
a - Sandblast             Erth           ######       0%          1    None
c - Petrify               Tmut/Erth      ######..     1%          4    ###....
e - Stone Arrow           Conj/Erth      #####.       1%          3    #......
w - Passwall              Tmut/Erth      ######..     1%          2    None
z - Lee's Rapid Deconstr  Erth           ######....   1%          5    #####..

Your spell library contained the following spells:

 Spells                   Type           Power        Failure   Level  Hunger


Dungeon Overview and Level Annotations

Branches:
Dungeon (12/15)            Temple (1/1) D:4           Sewer (visited)
  IceCv (1/1)
   Lair: D:8-11         Orc: D:9-12

Altars:
Ashenzari
Cheibriados
Dithmenos
Elyvilon
Fedhas
Gozag
Hepliaklqana
Kikubaaqudgha
Makhleb
Nemelex Xobeh
Okawaru
Qazlal
Ru
Sif Muna
Uskayaw
Vehumet
Wu Jian
Yredelemnul
Zin
The Shining One


Innate Abilities, Weirdness & Mutations

You are resistant to damage.
You can heal yourself by infusing magical energy.
You passively map the area around you.
You do not regenerate.


Message History

Your orange demon stings the rime drake from afar.
The rime drake misses you.
You hit the rime drake but do no damage.
Aim: a rime drake (moderately wounded, catching its breath)
The blast of sand hits the rime drake!
b - 5 stones The rime drake closely misses you.
Your orange demon stings the rime drake from afar.
The rime drake looks as sick as possible!
Your orange demon poisons the rime drake!
The rime drake misses you.
You now have 2/21 mp.
You closely miss the rime drake.
Your orange demon stings the rime drake from afar.
The rime drake dies!
Makhleb accepts your kill.
You start resting.
The yak is too close now for your liking.
Aim: a yak The blast of sand hits the yak!!
b - 4 stones Your orange demon stings the yak but does no damage.
Your orange demon barely misses the yak.
You now have 4/21 mp.
You hit the yak. The yak barely misses you.
Your orange demon stings the yak!
Your orange demon hits the yak.
The yak looks weaker.
You hit the yak. You hit the yak.
You kill the yak!
Makhleb accepts your kill.
You feel better.
Health restored: 97 You start resting.
A bolt of cold appears from out of your range of vision.
The bolt of cold hits your orange demon!!!
You regained 7 mp, and now have 11/21 mp.
The frost giant points at your orange demon and mumbles some strange words.
The bolt of cold hits you!!!
The bolt of cold hits your orange demon!!!
Your orange demon dies!
You take 47 damage, and have 50/97 hp.
MASSIVE DAMAGE!!
Okay, then.
You see here a yak corpse.
Okay, then.
You see here a yak corpse.
You see here a polar bear corpse.
You start resting.
You are feeling very hungry.
You regained 8 mp, and now have 20/21 mp.
You butcher the polar bear corpse.
Things that are here:
2 chunks of flesh {@w0}; a polar bear skeleton Eating one of 2 chunks of flesh {@w0}.
You eat one of the 2 chunks of flesh {@w0}.
MP restored: 21
Okay, then.
You see here a yak corpse.
You feel agile all of a sudden.
You see here a yak corpse.
Aim: a frost giant, wielding a +1 battleaxe of freezing (hasn't noticed you, chance to defeat MR: 23%)
The frost giant shouts!
The frost giant resists with almost no effort.
You now have 17/21 mp.
Aim: a frost giant, wielding a +1 battleaxe of freezing (chance to defeat MR: 23%)
The frost giant resists with almost no effort.
You now have 13/21 mp.
Aim: a frost giant, wielding a +1 battleaxe of freezing (chance to defeat MR: 23%)
The frost giant is moving more slowly.
The frost giant points at you and mumbles some strange words.
The bolt of cold hits you!!
You take 16 damage, and have 34/97 hp.
You now have 9/21 mp.
The frost giant casts a spell at you. The bolt of cold hits you!!
* * * LOW HITPOINT WARNING * * *
You take 32 damage, and have 2/97 hp.
MASSIVE DAMAGE!!
Okay, then.
The helpless frost giant fails to defend itself.
You stick the frost giant like a pincushion!!!
The helpless frost giant fails to defend itself.
You spit the frost giant like a pig!!!
The frost giant is no longer petrified.
The frost giant closely misses you.
You hit the frost giant but do no damage.
Okay, then.
Your magical essence is drained by the effort!
You feel much better.
The frost giant hits you with a +1 battleaxe of freezing!
* * * LOW HITPOINT WARNING * * *
The frost giant freezes you.
You regained 21 hp, and now have 23/97 hp.
You feel yourself speed up. The frost giant barely misses you.
Okay, then.
You fail to use your ability.
Your magical essence is drained by the effort!
You feel much better.
The frost giant hits you with a +1 battleaxe of freezing!!
* * * LOW HITPOINT WARNING * * *
The frost giant freezes you!
You die...

* *
##.#.#
** **
≈###.##
, ≈
*##†# *
≈≈##†#
* ≈
#..# ,
#.##
#.## *
≈##.# *
≈ #@# *
≈ #.C#
* *
#..## *
* #...
* ....#
#.... ,
**##..#
#.. **
**


You could see a frost giant.

Vanquished Creatures
  Josephine (D:11)
  Harold (D:7)
  Erica (D:8)
  4 two-headed ogres
  2 unseen horrors
  An ugly thing (D:11)
  A cyclops (D:11)
  Psyche (D:11)
  A gargoyle (D:10)
  An ice statue (IceCv)
  2 rime drakes (D:12)
  2 trolls
  Prince Ribbit (D:6)
  12 polar bears (IceCv)
  A slime creature (D:12)
  3 hippogriffs
  A vampire (D:12)
  Sigmund (D:2)
  A shadow (D:8)
  5 wraiths
  Grum (D:11)
  4 hogs (D:7)
  A human (D:7)
  18 yaks
  2 hungry ghosts (D:11)
  A water moccasin (D:5)
  4 ice beasts
  3 orc warriors
  5 black bears
  A sky beast (D:5)
  2 eyes of draining
  2 phantoms
  3 necrophages (D:10)
  4 ogres
  16 wolves
  4 crocodiles
  3 centaurs
  5 big kobolds
  4 bullfrogs
  4 scorpions
  16 killer bees
  3 wights (D:11)
  A howler monkey (D:5)
  A bullfrog zombie (D:5)
  3 crimson imps
  A quasit (D:10)
  4 bullfrog skeletons
  3 human zombies (D:10)
  3 jellies
  11 hounds
  6 orc priests
  10 orc wizards
  A gnoll shaman (D:6)
  Ijyb (D:3)
  3 iguanas
  2 human skeletons (D:10)
  8 worker ants
  2 killer bee zombies
  2 hound skeletons
  4 mummies (D:10)
  4 gnolls (D:6)
  A howler monkey skeleton (D:7)
  22 adders
  2 river rats (Sewer)
  2 shadow imps
  2 oozes (Sewer)
  An adder zombie (D:7)
  2 adder skeletons
  5 worms
  2 dart slugs
  3 leopard geckos
  38 orcs
  7 giant cockroaches
  6 goblins
  12 hobgoblins
  4 jackals (D:10)
  17 kobolds
  2 quokkas
  5 ball pythons
  6 bats
  11 frilled lizards
  2 leopard gecko skeletons
  7 rats
378 creatures vanquished.

Vanquished Creatures (collateral kills)
  A cyclops (D:11)
  A rime drake (IceCv)
  A polar bear (IceCv)
  7 yaks (IceCv)
  An orc warrior (D:9)
  An ogre (D:9)
  A killer bee (D:10)
13 creatures vanquished.

Vanquished Creatures (others)
  A polar bear (IceCv)
  A yak (IceCv)
  A killer bee (D:10)
  An orc priest (D:5)
  An orc (D:3)
  A quokka (D:11)
  A bat (D:3)
7 creatures vanquished.

Grand Total: 398 creatures vanquished

Notes
Turn   | Place    | Note
-------+----------+-------------------------------------------
     0 | D:1      | Elminster the Deep Dwarf Earth Elementalist began the quest
                  | for the Orb.
     0 | D:1      | Reached XP level 1. HP: 15/15 MP: 3/3
     4 | D:1      | Found a sacrificial altar of Ru.
   151 | D:1      | Reached XP level 2. HP: 20/22 MP: 0/4
   215 | D:1      | Reached skill level 5 in Earth Magic
   431 | D:1      | Learned a level 2 spell: Passwall
   527 | D:1      | Reached XP level 3. HP: 21/28 MP: 2/5
   562 | D:2      | Reached skill level 2 in Spellcasting
   567 | D:2      | Noticed Sigmund
   585 | D:2      | Learned a level 3 spell: Stone Arrow
   633 | D:2      | Killed Sigmund
   633 | D:2      | Reached skill level 8 in Earth Magic
   633 | D:2      | Reached XP level 4. HP: 27/36 MP: 1/7
   633 | D:2      | Reached XP level 5. HP: 31/42 MP: 1/8
   730 | D:2      | Found a shattered altar of Ashenzari.
   806 | D:2      | Reached skill level 1 in Transmutations
  1293 | D:3      | Noticed Ijyb
  1307 | D:3      | Killed Ijyb
  1307 | D:3      | Reached skill level 1 in Conjurations
  1370 | D:3      | Reached XP level 6. HP: 25/49 MP: 1/9
  1408 | D:3      | Found a white marble altar of Elyvilon.
  1438 | D:3      | Found a faded altar of an unknown god.
  1542 | D:4      | Found a staircase to the Ecumenical Temple.
  1585 | Temple   | Entered the Ecumenical Temple
  1665 | Temple   | Became a worshipper of Makhleb the Destroyer
  1752 | D:4      | Reached skill level 9 in Earth Magic
  1851 | D:4      | Found a shadowy altar of Dithmenos.
  1982 | D:4      | Reached skill level 10 in Earth Magic
  2022 | D:5      | Entered Level 5 of the Dungeon
  2068 | D:5      | Reached * piety under Makhleb
  2068 | D:5      | Reached XP level 7. HP: 20/55 MP: 7/10
  2155 | D:5      | HP: 3/55 [orc/+0 trident (3)]
  2160 | D:5      | Reached skill level 11 in Earth Magic
  2182 | D:5      | HP: 1/55 [phantom (7)]
  2241 | D:5      | Found a glowing drain.
  2252 | Sewer    | Entered a sewer
  2353 | Sewer    | Reached ** piety under Makhleb
  2449 | Sewer    | Reached skill level 12 in Earth Magic
  2449 | Sewer    | Reached XP level 8. HP: 56/62 MP: 3/11
  2520 | D:5      | Learned a level 5 spell: Lee's Rapid Deconstruction
  2772 | D:5      | Reached skill level 3 in Spellcasting
  2882 | D:6      | Reached skill level 13 in Earth Magic
  3008 | D:6      | Reached *** piety under Makhleb
  3010 | D:6      | Reached skill level 4 in Spellcasting
  3015 | D:6      | Noticed Prince Ribbit
  3021 | D:6      | Killed Prince Ribbit
  3021 | D:6      | Gained mutation: You passively map the area around you.
                  | [Deep Dwarf growth]
  3021 | D:6      | Reached XP level 9. HP: 63/68 MP: 0/15
  3235 | D:6      | Learned a level 4 spell: Petrify
  3443 | D:7      | Reached skill level 5 in Spellcasting
  3443 | D:7      | Reached skill level 14 in Earth Magic
  3473 | D:7      | Reached skill level 3 in Stealth
  3646 | D:7      | Reached skill level 2 in Transmutations
  3660 | D:7      | Reached skill level 4 in Stealth
  3698 | D:7      | Found a hide-covered altar of Uskayaw.
  3713 | D:7      | Reached **** piety under Makhleb
  3720 | D:7      | Reached skill level 3 in Transmutations
  3782 | D:7      | Reached skill level 5 in Stealth
  3799 | D:7      | Reached skill level 1 in Short Blades
  3799 | D:7      | Noticed Harold
  3804 | D:7      | Identified 2 potions of resistance
  3882 | D:7      | Killed Harold
  3882 | D:7      | Reached skill level 2 in Short Blades
  3882 | D:7      | Reached skill level 6 in Stealth
  3882 | D:7      | Reached skill level 4 in Transmutations
  3975 | D:7      | Reached XP level 10. HP: 72/75 MP: 4/17
  3976 | D:7      | Reached skill level 3 in Short Blades
  4098 | D:8      | Reached skill level 7 in Stealth
  4133 | D:8      | Noticed a two-headed ogre
  4146 | D:8      | Killed a two-headed ogre
  4146 | D:8      | Reached skill level 8 in Stealth
  4146 | D:8      | Reached skill level 5 in Transmutations
  4285 | D:8      | Noticed Erica
  4320 | D:8      | Killed Erica
  4320 | D:8      | Reached skill level 9 in Stealth
  4320 | D:8      | Reached skill level 6 in Transmutations
  4513 | D:10     | Entered Level 10 of the Dungeon
  4535 | D:10     | Reached skill level 7 in Transmutations
  4677 | D:9      | Reached ***** piety under Makhleb
  4816 | D:9      | Reached XP level 11. HP: 81/81 MP: 11/18
  4861 | D:9      | Reached skill level 1 in Evocations
  4991 | D:10     | Reached skill level 2 in Evocations
  4997 | D:10     | Reached skill level 8 in Transmutations
  5064 | D:10     | Found an ancient bone altar of Kikubaaqudgha.
  5205 | D:10     | Noticed a two-headed ogre
  5206 | D:10     | Noticed a two-headed ogre
  5213 | D:10     | Found a runed translucent door.
  5217 | D:10     | Noticed a two-headed ogre
  5231 | D:10     | Killed a two-headed ogre
  5231 | D:10     | Reached skill level 10 in Stealth
  5231 | D:10     | Reached skill level 6 in Spellcasting
  5520 | D:10     | Killed a two-headed ogre
  5533 | D:10     | Killed a two-headed ogre
  5533 | D:10     | Reached skill level 11 in Stealth
  5533 | D:10     | Reached skill level 7 in Spellcasting
  5727 | D:11     | Noticed a red ugly thing
  5734 | D:11     | Killed a red ugly thing
  5750 | D:11     | Noticed Josephine
  5799 | D:11     | Noticed Grum
  5808 | D:11     | Reached ****** piety under Makhleb
  5810 | D:11     | Killed Grum
  5810 | D:11     | Reached skill level 15 in Earth Magic
  6060 | D:11     | Noticed Psyche
  6072 | D:11     | Killed an unseen horror
  6085 | D:11     | HP: 10/121 [something (5)]
  6091 | D:11     | Killed Psyche
  6091 | D:11     | Reached XP level 12. HP: 42/88 MP: 0/21
  6231 | D:11     | Reached skill level 16 in Earth Magic
  6262 | D:11     | Upgraded the game from 0.24-a0-616-ge2a249a6fd to
                  | 0.24-a0-618-ge4662a2d14
  6359 | D:11     | Killed Josephine
  6359 | D:11     | Reached skill level 1 in Fighting
  6359 | D:11     | Reached skill level 3 in Dodging
  6364 | D:11     | Reached skill level 2 in Fighting
  6477 | D:12     | Reached skill level 4 in Dodging
  6483 | D:12     | Found a frozen archway.
  6492 | D:12     | Reached skill level 3 in Fighting
  6610 | D:12     | HP: 21/97 [something/vampiric draining (10)]
  6616 | D:12     | HP: 13/97 [something/vampiric draining (9)]
  6619 | D:12     | Reached skill level 5 in Dodging
  6780 | IceCv    | Entered an ice cave
  6798 | IceCv    | HP: 23/97 [wolf (5)]
  6803 | IceCv    | HP: 19/97 [wolf (4)]
  6804 | IceCv    | Reached skill level 3 in Evocations
  6989 | IceCv    | Reached skill level 4 in Evocations
  7019 | IceCv    | Reached skill level 6 in Dodging
  7173 | IceCv    | Reached skill level 1 in Invocations
  7175 | IceCv    | Reached skill level 7 in Dodging
  7217 | IceCv    | Reached skill level 2 in Invocations
  7388 | IceCv    | Reached skill level 3 in Invocations
  7469 | IceCv    | Reached skill level 4 in Invocations
  7569 | IceCv    | Noticed a frost giant
  7584 | IceCv    | Reached skill level 8 in Dodging
  7601 | IceCv    | Reached skill level 5 in Invocations
  7764 | IceCv    | HP: 2/97 [frost giant/bolt of cold (32)]
  7775 | IceCv    | HP: 23/97 [frost giant/+1 battleaxe of freezing (4)]
  7778 | IceCv    | HP: 11/97 [frost giant/+1 battleaxe of freezing (31)]
  7778 | IceCv    | Slain by a frost giant

Levels and vault maps discovered:
D:1:      sevenhm_arrival_forest_fort_small_6, layout_basic
D:2:      layout_loops_ring, marbit_many_paths, first_ration, uniq_sigmund
D:3:      layout_rooms, elyvilon_altar_4,
          chequers_ecumenical_altar_simple_redux, uniq_ijyb
D:4:      layout_rooms, nicolae_dithmenos_shadow_blocks,
          minmay_temple_entry_mist, mrwooster_statue_mirror
D:5:      layout_basic, portal_sewer_entry_d, st_stairs_13,
          ebering_dispersal_statue_hall, kennysheep_generic_room_7
D:6:      layout_gridville, kennysheep_generic_room_3, uniq_prince_ribbit1
D:7:      layout_basic, overflow_temple_1_default, grunt_livestock, uniq_harold
D:8:      layout_basic, lair_entry_dummy, uniq_erica
D:9:      layout_roguey
D:10:     layout_roguey, minmay_st_funbox, lemuel_mausoleum_altar_kikubaaqudgha
D:11:     layout_basic, kennysheep_generic_room_14, uniq_josephine, uniq_grum,
          uniq_psyche
D:12:     layout_gridville, erik_orc_3, portal_ice_cave_rime
Temple:   hc_temple_tempest_star
IceCv:    ice_cave_caverns_03

Skill      XL: |  1  2  3  4  5  6  7  8  9 10 11 12 |
---------------+-------------------------------------+-----
Earth Magic    | 5 8 10 12 13 14 15 16 | 16.0
Spellcasting   | 2 4 5 7 |  7.0
Transmutations | 1 4 7 8 |  8.0
Conjurations   | 1 |  1.3
Stealth        | 6 9 11 | 11.1
Short Blades   | 2 3 |  3.3
Evocations     | 2 4 |  4.1
Fighting       | 3 |  3.3
Dodging        | 8 |  8.5
Invocations    | 5 |  5.1

Action                   |  1- 3 |  4- 6 |  7- 9 | 10-12 || total
-------------------------+-------+-------+-------+-------++-------
Melee: Unarmed           |    16 |       |       |       ||    16
       Club              |    11 |     3 |       |       ||    14
       Whip              |       |    55 |    20 |       ||    75
       Dagger            |       |       |    55 |   248 ||   303
 Cast: Sandblast         |    39 |    58 |   122 |   195 ||   414
       Passwall          |     2 |     7 |    21 |    15 ||    45
       Stone Arrow       |       |    15 |     9 |     1 ||    25
       Lee's Rapid Decon |       |       |     7 |    39 ||    46
       Petrify           |       |       |     5 |    34 ||    39
Invok: Lesser Servant of |       |       |       |     1 ||     1
 Abil: Heal Wounds       |       |       |     1 |     4 ||     5
Evoke: Wand              |       |       |     1 |    26 ||    27
       Phial of floods   |       |       |       |     2 ||     2
  Use: Scroll            |       |     7 |     7 |     2 ||    16
       Potion            |       |     2 |     3 |     6 ||    11
 Stab: Petrified         |       |       |    19 |    32 ||    51
       Sleeping          |       |       |     4 |    24 ||    28
       Petrifying        |       |       |     1 |     4 ||     5
       Paralysed         |       |       |       |     3 ||     3
       Distracted        |       |       |       |     2 ||     2
  Eat: Chunk             |       |     8 |    11 |    20 ||    39
       Ration            |       |       |       |     3 ||     3
Armor: Robe              |    14 |     3 |       |       ||    17
       Leather armour    |       |    18 |    17 |    75 ||   110
       Skin              |       |       |       |    15 ||    15
       Troll leather arm |       |       |       |    23 ||    23
Dodge: Dodged            |    34 |    67 |    56 |   239 ||   396

Table legend:
 A = Non-vault XP
 B = Vault XP
 C = Vault XP percentage of total XP
 D = Non-vault monster count
 E = Vault monster count
 F = Vault count percentage of total count
                 A         B        C        D         E       F
            +---------+---------+-------+---------+---------+-------
      Total |   17412 |   18849 |  52.0 |     276 |     118 |  29.9
            +---------+---------+-------+---------+---------+-------
        D:1 |      41 |       0 |   0.0 |      25 |       0 |   0.0
        D:2 |      42 |     221 |  84.0 |       9 |       2 |  18.2
        D:3 |      74 |      38 |  33.9 |      23 |       1 |   4.2
        D:4 |     303 |       0 |   0.0 |      22 |       0 |   0.0
        D:5 |    1025 |      16 |   1.5 |      24 |       2 |   7.7
        D:6 |     881 |     283 |  24.3 |      21 |       1 |   4.5
        D:7 |    1204 |    1950 |  61.8 |      26 |       6 |  18.8
        D:8 |    2037 |     918 |  31.1 |      21 |       1 |   4.5
        D:9 |    2582 |       0 |   0.0 |      26 |       0 |   0.0
       D:10 |    2769 |    2801 |  50.3 |      37 |      21 |  36.2
       D:11 |    4392 |    2851 |  39.4 |      29 |      10 |  25.6
       D:12 |    2062 |     807 |  28.1 |      13 |       2 |  13.3
      Sewer |       0 |     311 | 100.0 |       0 |      25 | 100.0
      IceCv |       0 |    8653 | 100.0 |       0 |      47 | 100.0
            +---------+---------+-------+---------+---------+-------

Levels and vault maps discovered:
D:1:      sevenhm_arrival_forest_fort_small_6, layout_basic
D:2:      layout_loops_ring, marbit_many_paths, first_ration, uniq_sigmund
D:3:      layout_rooms, elyvilon_altar_4,
          chequers_ecumenical_altar_simple_redux, uniq_ijyb
D:4:      layout_rooms, nicolae_dithmenos_shadow_blocks,
          minmay_temple_entry_mist, mrwooster_statue_mirror
D:5:      layout_basic, portal_sewer_entry_d, st_stairs_13,
          ebering_dispersal_statue_hall, kennysheep_generic_room_7
D:6:      layout_gridville, kennysheep_generic_room_3, uniq_prince_ribbit1
D:7:      layout_basic, overflow_temple_1_default, grunt_livestock, uniq_harold
D:8:      layout_basic, lair_entry_dummy, uniq_erica
D:9:      layout_roguey
D:10:     layout_roguey, minmay_st_funbox, lemuel_mausoleum_altar_kikubaaqudgha
D:11:     layout_basic, kennysheep_generic_room_14, uniq_josephine, uniq_grum,
          uniq_psyche
D:12:     layout_gridville, erik_orc_3, portal_ice_cave_rime
Temple:   hc_temple_tempest_star
IceCv:    ice_cave_caverns_03

Table legend:
 A = Turns spent in this place as a percentage of turns spent in the entire game.
 B = Non-inter-level travel turns spent in this place as a percentage of non-inter-level travel turns spent in the entire game.
 C = Inter-level travel turns spent in this place as a percentage of turns spent in this place.
 D = Turns resting spent in this place as a percentage of non-inter-level travel turns spent in this place.
 E = Turns spent auto-exploring this place as a percentage of non-inter-level travel turns spent in this place.
 F = Non-inter-level travel turns spent in this place divided by the number of levels of this place that you've seen.
                   A       B       C       D       E      F
               +-------+-------+-------+-------+-------+----------------------
         Total | 100.0 | 100.0 |   0.0 |   2.7 |   0.0 | 518.5
       Dungeon |  82.8 |  82.8 |   0.0 |   0.1 |   0.0 | 536.7
        Temple |   1.3 |   1.3 |   0.0 |   0.0 |   0.0 | 101.0
         Sewer |   3.1 |   3.1 |   0.0 |   0.0 |   0.0 | 239.0
      Ice Cave |  12.8 |  12.8 |   0.0 |  20.5 |   0.0 | 998.0
               +-------+-------+-------+-------+-------+----------------------

Table legend:
 A = Kills in this place as a percentage of kills in entire the game.
 B = Kills by you in this place as a percentage of kills by you in the entire game.
 C = Kills by friends in this place as a percentage of kills by friends in the entire game.
 D = Other kills in this place as a percentage of other kills in the entire game.
 E = Experience gained in this place as a percentage of experience gained in the entire game.
 F = Experience gained in this place divided by the number of levels of this place that you have seen.
                   A       B       C       D       E      F
               +-------+-------+-------+-------+-------+----------------------
         Total | 100.0 | 100.0 | 100.0 | 100.0 | 100.0 | 2417.4
       Dungeon |  81.7 |  83.3 |  30.8 | 100.0 |  75.3 | 2274.8
         Sewer |   6.3 |   6.6 |   0.0 |   0.0 |   0.9 | 311.0
      Ice Cave |  11.9 |  10.1 |  69.2 |   0.0 |  23.9 | 8653.0
               +-------+-------+-------+-------+-------+----------------------
